 Dungeon Crawl Stone Soup version 0.30-a0-691-g754fce4c43 (webtiles) character file.

Game seed: 9869578704293912937

405 Absynth the Cudgeller (level 6, -1/46 (47) HPs)
             Began as a Demonspawn Gladiator on Jan 20, 2023.
             Slain by Duvessa
             ... wielding a +0 short sword
              (12 damage)
             ... on level 4 of the Dungeon.
             The game lasted 00:09:54 (2669 turns).

Absynth the Cudgeller (Demonspawn Gladiator)        Turns: 2669, Time: 00:09:54

HP:   -1/46 (47)    AC: 12    Str: 17    XL:     6   Next: 56%
MP:   6/6           EV: 10    Int:  9    God:
Gold: 266           SH:  0    Dex: 14    Spells: 5/5 levels left

rFire   x . .      SeeInvis .    k - +2 mace (venom)
rCold   + + .      Faith    .    (no shield)
rNeg    . . .      Spirit   .    i - +0 ice dragon scales
rPois   .          Reflect  .    c - +0 helmet
rElec   .          Harm     .    (no cloak)
rCorr   .          Rampage  .    (no gloves)
Will    +....                    (no boots) Stlth
                                 (no amulet)
HPRegen 0.27/turn                m - ring of willpower
MPRegen 0.10/turn                (no ring)

@: lit by a corona, glowing, lightly drained
A: thin metallic scales 1, foul stench 1, demonic magic 1
a: no special abilities


You were on level 4 of the Dungeon.
You visited 1 branch of the dungeon, and saw 4 of its levels.

You collected 279 gold pieces.
You spent 13 gold pieces at shops.

Inventory:

Hand Weapons
 k - a +2 mace of venom (weapon)
Missiles
 e - 7 javelins (quivered)
Armour
 c - a +0 helmet (worn)
 i - +0 ice dragon scales (worn)
Jewellery
 m - a ring of willpower (left hand)
Scrolls
 f - 3 scrolls of magic mapping
 h - 2 scrolls of identify
 o - a scroll of teleportation {unknown}
 p - a scroll of torment {unknown}
Potions
 b - 2 potions of mutation {unknown}
 g - 3 potions of curing
 j - a potion of heal wounds {unknown}
 l - a potion of brilliance {unknown}
 n - a potion of haste {unknown}


   Skills:
 + Level 3.2 Fighting
 * Level 4.6 Maces & Flails
 + Level 3.0 Throwing
 + Level 2.0 Armour
 + Level 3.6 Dodging


You had 5 spell levels left.
You didn't know any spells.
Your spell library was empty.

Dungeon Overview and Level Annotations

Branches:
Dungeon (4/15)
 Temple: D:4-7

Altars:
Dithmenos
Qazlal

Shops:
D:1 *

Annotations:
D:4 Duvessa


Innate Abilities, Weirdness & Mutations

You are partially covered in thin metallic scales. (AC +2)
You may rarely emit foul miasma when damaged in melee.
Spells you cast may paralyse adjacent enemies.


Message History

Duvessa struggles against the net.
The net rips apart, and Duvessa comes free!
Throw: 8 javelins
Press: ? - help, Q - select action Shift-Dir - straight line, f/p - Duvessa
Aim: Duvessa, wielding a +0 short sword, wearing a +0 scale mail and carrying a wand of flame (9) (berserk, 68% to hit)
You throw a javelin. The javelin pierces through Duvessa.
Duvessa is lightly wounded.
Duvessa hits you with a +0 short sword.
You hit Duvessa but do no damage.
Duvessa is poisoned.
Duvessa is lightly wounded.
Duvessa hits you with a +0 short sword. Duvessa hits you but does no damage.
You barely miss Duvessa.
Duvessa is lightly wounded.
Duvessa hits you but does no damage. Duvessa hits you with a +0 short sword!
You barely miss Duvessa.
Duvessa is lightly wounded.
Duvessa hits you with a +0 short sword!
* * * LOW HITPOINT WARNING * * *
You emit a cloud of foul miasma!
Duvessa is engulfed in dark miasma.
Duvessa looks even sicker.
Duvessa rages.
Duvessa hits you with a +0 short sword.
* * * LOW HITPOINT WARNING * * *
You feel better. Duvessa hits you with a +0 short sword.
* * * LOW HITPOINT WARNING * * *
Duvessa attacks as you move away! Duvessa closely misses you.
Duvessa rages.
Duvessa hits you with a +0 short sword.
* * * LOW HITPOINT WARNING * * *
You completely miss Duvessa.
Duvessa is lightly wounded.
Duvessa closely misses you. Duvessa barely misses you.
You sock Duvessa!
Duvessa is heavily wounded.
Duvessa hits you with a +0 short sword.
* * * LOW HITPOINT WARNING * * *
You hit Duvessa.
Duvessa looks as sick as possible!
Duvessa is heavily wounded.
Duvessa hits you with a +0 short sword!
You die...

.#
#.......>.(.##.###.##...#####.
.# #######...)....#
#.+...)..#... .# #.##.#####
###......#... .# #.##.#
#.......#... .#
#.##(########.......+... .#
#.##○##.....#.......#... .#
#.#...#.##..##......#... .#
#.....e.###..'......#... .#
###....@# #####...#####. .#
##.#..# #.#+#...#' .# #.#..#
###....... >## #.#..#
#......... ..# #######.#..#
###........ #.# #.......#..#
##.+........ #.#
#.#######..#####..##.......
#.# #.# #.........<(..#.......
#.# #.# #.##..#####.[.####+###


You could see Duvessa (berserk, extremely poisoned).

Vanquished Creatures
  Sigmund (D:4)
  Dowan (D:4)
  A howler monkey (D:4)
  Natasha (thrice) (D:2)
  3 adders
  A dart slug (D:1)
  8 ball pythons
  5 endoplasms
  2 giant cockroaches (D:1)
  9 goblins
  3 hobgoblins
  3 jackals (D:1)
  3 quokkas
  3 frilled lizards
  7 kobolds
  5 rats (D:1)
58 creatures vanquished.

Notes
Turn   | Place    | Note
-------+----------+-------------------------------------------
     0 | D:1      | Absynth the Demonspawn Gladiator began the quest for the
                  | Orb.
     0 | D:1      | Reached XP level 1. HP: 16/16 MP: 1/1
   145 | D:1      | Gained mutation: You are partially covered in thin metallic
                  | scales. (AC +2) [demonic ancestry]
   145 | D:1      | Reached XP level 2. HP: 20/22 MP: 2/2
   146 | D:1      | Reached skill level 3 in Maces & Flails
   186 | D:1      | Found a faded altar of an unknown god.
   286 | D:1      | Found Voefoe's General Store.
   321 | D:1      | Bought a scroll of noise for 13 gold pieces
   731 | D:2      | Gained mutation: Spells you cast may paralyse adjacent
                  | enemies. [demonic ancestry]
   731 | D:2      | Reached XP level 3. HP: 27/27 MP: 3/3
   960 | D:2      | Noticed Natasha
   975 | D:2      | Killed Natasha
  1424 | D:2      | Noticed Natasha
  1433 | D:2      | Killed Natasha
  1434 | D:2      | Reached XP level 4. HP: 29/34 MP: 4/4
  1490 | D:2      | Noticed Natasha
  1498 | D:2      | Killed Natasha
  1499 | D:2      | Reached skill level 1 in Armour
  1744 | D:3      | Found a stormy altar of Qazlal.
  1983 | D:3      | Reached XP level 5. HP: 36/39 MP: 5/5
  2108 | D:4      | Noticed Sigmund
  2127 | D:4      | Killed Sigmund
  2128 | D:4      | Reached skill level 4 in Maces & Flails
  2128 | D:4      | Gained mutation: You may rarely emit foul miasma when
                  | damaged in melee. [demonic ancestry]
  2128 | D:4      | Reached XP level 6. HP: 37/47 MP: 6/6
  2313 | D:4      | Found a shadowy altar of Dithmenos.
  2568 | D:4      | Noticed Duvessa
  2568 | D:4      | Noticed Dowan
  2654 | D:4      | Killed Dowan
  2669 | D:4      | Slain by Duvessa

Illustrated notes

Levels and vault maps discovered:
D:1:      minmay_arrival_doors, layout_rooms, basic_ecumenical_altar,
          serial_shops, nicolae_shop_hallway_plus
D:2:      layout_basic, hangedman_abyss_or_decor_stabs, uniq_natasha
D:3:      layout_basic, grunt_qazlal_sundering, minmay_misc_feat_chi,
          kennysheep_generic_room_13
D:4:      nicolae_cairo_tiling_very_big, layout_loops_ring,
          grunt_dithmenos_smoke_and_mirrors, dk_noncrumbling_3, uniq_duvessa,
          uniq_sigmund

Skill      XL: |  1  2  3  4  5  6 |
---------------+-------------------+-----
Maces & Flails | 3 4 |  4.6
Throwing       | 2 3 |  3.0
Dodging        | 3 |  3.6
Armour         | 1 2 |  2.0
Fighting       | 3 |  3.2

Action                   |  1- 3 |  4- 6 || total
-------------------------+-------+-------++-------
Melee: Flail             |    88 |       ||    88
       Mace              |     2 |    68 ||    70
       Punch             |       |     1 ||     1
Throw: Throwing net      |     4 |     1 ||     5
       Dart              |       |     6 ||     6
       Javelin           |       |     1 ||     1
  Use: Scroll            |       |     2 ||     2
       Potion            |       |     1 ||     1
 Stab: Sleeping          |     1 |       ||     1
       Held in net/web   |     1 |       ||     1
Armor: Leather armour    |    24 |       ||    24
       Ice dragon scales |    29 |    42 ||    71
Dodge: Dodged            |    61 |    32 ||    93

Table legend: (Time is in decaauts)
 A = Elapsed time spent in this place.
 B = Non-inter-level travel time spent in this place.
 C = Inter-level travel time spent in this place.
 D = Time resting spent in this place.
 E = Time spent auto-exploring this place.
 F = Levels seen in this place.
 G = Mean time per level.
                   A        B        C        D        E       F      G
               +--------+--------+--------+--------+--------+-----+--------+
         Total |   2713 |   2486 |    227 |    115 |   1813 |   4 |  678.2 |
       Dungeon |   2713 |   2486 |    227 |    115 |   1813 |   4 |  678.2 |
               +--------+--------+--------+--------+--------+-----+--------+

Top non-repeatable levels by time:
     D:2: 1047 daAuts
     D:1: 585 daAuts
     D:3: 547 daAuts
     D:4: 532 daAuts
